 Dungeon Crawl Stone Soup version 0.29-a0-234-g0dae59b3db (webtiles) character file.

Game seed: 11609860115588148928

45 spaghetti the Skirmisher (level 3, -32/31 HPs)
             Began as a Mummy Delver on Mar 3, 2022.
             Annihilated by a shadow (34 damage)
             ... on level 6 of the Dungeon.
             The game lasted 00:01:49 (970 turns).

spaghetti the Skirmisher (Mummy Delver)              Turns: 970, Time: 00:01:50

Health: -32/31     AC:  3    Str: 17    XL:     3   Next: 42%
Magic:  3/3        EV: 11    Int:  9    God:
Gold:   0          SH:  0    Dex: 13    Spells: 2/2 levels left

rFire   x . .      SeeInvis .   a - +0 falchion {long}
rCold   + . .      Faith    .   (no shield)
rNeg    + + +      Spirit   .   b - +0 leather armour rPois โˆž Reflect .
                                (no helmet)
rElec   .          Harm     .   (no cloak)
rCorr   .          Rampage  .   (no gloves)
Will    .....                   (no boots)
Stlth   ++........              (no amulet)
HPRegen 0.10/turn               (no ring)
MPRegen 0.08/turn               (no ring)

@: no status effects
A: cold resistance 1, negative energy resistance 3, torment resistance 2, heat
vulnerability 1, in touch with death 1, no potions
a: no special abilities


You were on level 6 of the Dungeon.
You visited 1 branch of the dungeon, and saw 3 of its levels.


Innate Abilities, Weirdness & Mutations

You are immune to poison.
Your flesh is cold resistant. (rC+)
You are immune to negative energy. (rN+++)
You are immune to unholy pain and torment.
You are vulnerable to heat. (rF-)
You are in touch with the powers of death.
You do not drink.


   Skills:
 + Level 4.5 Fighting
 - Level 1.5 Long Blades
 - Level 1.5 Dodging
 - Level 4.1 Stealth


You had 2 spell levels left.
You didn't know any spells.
Your spell library was empty.

Inventory:

Hand Weapons
 a - a +0 falchion (weapon) {long}
Armour
 b - a +0 leather armour (worn)
Wands
 f - a wand of digging (2)
Scrolls
 c - a scroll of fog
 d - a scroll of magic mapping {!r}

Dungeon Overview and Level Annotations

Branches:
Dungeon (6/15)
 Temple: D:4-7

Altars:
Ashenzari
Dithmenos

Annotations:
D:6 exclusion: ogre

### ###.#.###
...####...#...#
#.>....#####รท#
##.####...#...#
#..######.#.###
.....###.....#####
.##..#.........O.#
####...#.....###.#
#....##...## #@#
.......###.## #.#
#...#### #.# #.#
##.# #.# #.# #.
#.# #.# .. #.# #.#
#.. ..# #.# #.#


You could see an ogre.


Message History

You can't drink.
Okay, then.
The necrophage misses you.
You climb downwards.
The jackal misses you. The jackal barely misses you.
There is a stone staircase leading up here.
You can't drink.
The jackal barely misses you. The jackal closely misses you.
The jackal bites you but does no damage.
The jackal bites you. ๐Ÿ˜ฎ HP[-2]
You take 2 damage, and now have 17/31 hp.
The jackal bites you.
* * * LOW HITPOINT WARNING * * *
๐Ÿ˜จ HP[-2]
You take 2 damage, and now have 15/31 hp.
An adder comes into view.
The jackal barely misses you.
The adder hisses angrily.
The jackal closely misses you. ๐Ÿ˜ฎ HP[+1]
The jackal closely misses you.
The jackal bites you but does no damage.
There is an escape hatch in the floor here.
The jackal misses you.
You slide downwards.
The hatch slams shut behind you.
You hear the sound of rushing water.
There is an entrance to a sewer on this level.
Hurry and find it before the portal rusts away!
Unknown command.
Unknown command.
You hit the jackal. The jackal barely misses you. The jackal bites you.
* * * LOW HITPOINT WARNING * * *
๐Ÿ˜จ HP[-3]
You take 3 damage, and now have 13/31 hp.
You miss the jackal. The jackal barely misses you. The jackal bites you.
* * * LOW HITPOINT WARNING * * *
๐Ÿ˜จ HP[-1]
You take 1 damage, and now have 12/31 hp.
You hit the jackal.
The jackal barely misses you. ๐Ÿ˜จ HP[+1]
You hit the jackal.
You kill the jackal!
You start resting.
You hear the slow rusting of a very distant drain.
You hear the slow rusting of a very distant drain.
You hear the rusting of a very distant drain. ๐Ÿ˜Ž HP[+18]
Your hp is fully restored (31).
Unknown command.
Unknown command.
You see here a jackal corpse.
Found an escape hatch in the floor.
You hear the rusting of a very distant drain.
Found a shadowy altar of Dithmenos.
An ogre comes into view. It is wielding a +0 giant club.
An ogre is nearby!
Press: ? - help, v - describe, . - travel
Here: an ogre, wielding a +0 giant club (asleep)
The floor.
Placed new exclusion.
The ogre shouts!
You hear a bark!
A shadow comes into view.
The shadow slips into darkness.
The shadow flickers and vanishes!
Deactivating autopickup; reactivate with Ctrl-A.
A hound comes into view.
The shadow strikes at you from the darkness!
Ouch! That really hurt!
* * * LOW HITPOINT WARNING * * *
Reactivating autopickup. ๐Ÿ˜จ HP[-19]
You take 19 damage, and now have 12/31 hp.
MASSIVE DAMAGE!! (PAUSE) ๐Ÿ˜จ HP[+1]
You can't drink.
Okay, then.
Okay, then.
You barely miss the shadow. The shadow hits you.
You hit the shadow but do no damage. Your punch misses the shadow.
The shadow closely misses you.
You can't drink.
Okay, then.
You closely miss the shadow. The shadow hits you.
* * * LOW HITPOINT WARNING * * *
๐Ÿ˜จ HP[-2]
You take 2 damage, and now have 11/31 hp.
You barely miss the shadow. The shadow barely misses you.
You hit the shadow but do no damage. The shadow hits you!
* * * LOW HITPOINT WARNING * * *
The shadow slips into darkness.
The shadow flickers and vanishes!
Deactivating autopickup; reactivate with Ctrl-A. ๐Ÿ˜ฑ HP[-9]
You take 9 damage, and now have 2/31 hp.
MASSIVE DAMAGE!! (PAUSE) Unknown command.
Unknown command.
The shadow strikes at you from the darkness!
Ouch! That really hurt!
You die...

Skill      XL: |  1  2 |
---------------+-------+-----
Fighting       | 4 |  4.5
Long Blades    | |  1.5
Dodging        | |  1.5
Stealth        | |  4.1

Action                   || total
-------------------------++-------
Melee: Falchion          ||    52
       Punch             ||     2
Evoke: Wand              ||     1
  Use: Scroll            ||     1
 Stab: Sleeping          ||     1
Armor: Leather armour    ||    23
Dodge: Dodged            ||    52

Levels and vault maps discovered:
D:4:      layout_basic, mainiacjoe_overflow_surrounded_room,
          mainiacjoe_overflow_boulevard, minmay_liquid_box, minmay_starry_boxes
D:5:      layout_rooms, old_standard_altar, lemuel_crystal_altar,
          serial_bayou_lagoon_a, minivault_14, uniq_ijyb, uniq_eustachio
D:6:      layout_loops_ring, nicolae_dithmenos_shadow_blocks,
          minmay_temple_entry_mist, serial_shops, shop, portal_sewer_entry_d,
          nicolae_fountain_basement, uniq_prince_ribbit1, uniq_edmund

Notes
Turn   | Place    | Note
-------+----------+-------------------------------------------
     0 | D:5      | spaghetti the Mummy Delver began the quest for the Orb.
     0 | D:5      | Reached XP level 1. HP: 18/18 MP: 1/1
     0 | D:5      | magus.rc [v1.9.6]
    16 | D:5      | Found a broken altar of Ashenzari.
   134 | D:5      | Reached XP level 2. HP: 21/24 MP: 2/2
   136 | D:5      | Noticed a black bear
   412 | D:4      | HP: 2/25 [hound (5)]
   414 | D:4      | Reached skill level 4 in Fighting
   414 | D:4      | Gained mutation: You are in touch with the powers of death.
                  | [Mummy growth]
   414 | D:4      | Reached XP level 3. HP: 2/31 MP: 3/3
   656 | D:4      | Noticed an ogre
   679 | D:4      | Noticed a necrophage
   945 | D:6      | Found a shadowy altar of Dithmenos.
   947 | D:6      | Noticed an ogre
   949 | D:6      | Noticed a shadow
   967 | D:6      | HP: 2/31 [shadow (9)]
   970 | D:6      | Annihilated by a shadow

Vanquished Creatures
  A hound (D:4)
  An ufetubus (D:5)
  A giant cockroach (D:4)
  2 goblins (D:4)
  3 jackals
  A kobold (D:4)
9 creatures vanquished.

Vanquished Creatures (others)
  2 fungi (D:4)
  14 plants (D:5)
16 creatures vanquished.

Grand Total: 25 creatures vanquished

Table legend:
 A = Non-vault XP
 B = Vault XP
 C = Vault XP percentage of total XP
 D = Non-vault monster count
 E = Vault monster count
 F = Vault count percentage of total count
                 A         B        C        D         E       F
            +---------+---------+-------+---------+---------+-------
      Total |      65 |       0 |   0.0 |       9 |       0 |   0.0
            +---------+---------+-------+---------+---------+-------
        D:4 |      51 |       0 |   0.0 |       5 |       0 |   0.0
        D:5 |      12 |       0 |   0.0 |       3 |       0 |   0.0
        D:6 |       2 |       0 |   0.0 |       1 |       0 |   0.0
            +---------+---------+-------+---------+---------+-------

Illustrated notes

Table legend:
 A = Kills in this place as a percentage of kills in entire the game.
 B = Kills by you in this place as a percentage of kills by you in the entire game.
 C = Kills by friends in this place as a percentage of kills by friends in the entire game.
 D = Other kills in this place as a percentage of other kills in the entire game.
 E = Experience gained in this place as a percentage of experience gained in the entire game.
 F = Experience gained in this place divided by the number of levels of this place that you have seen.
                   A       B       C       D       E      F
               +-------+-------+-------+-------+-------+----------------------
         Total | 100.0 | 100.0 |   N/A |   N/A | 100.0 |  21.7
       Dungeon | 100.0 | 100.0 |   N/A |   N/A | 100.0 |  21.7
               +-------+-------+-------+-------+-------+----------------------

Table legend: (Time is in decaauts)
 A = Elapsed time spent in this place.
 B = Non-inter-level travel time spent in this place.
 C = Inter-level travel time spent in this place.
 D = Time resting spent in this place.
 E = Time spent auto-exploring this place.
 F = Levels seen in this place.
 G = Mean time per level.
                   A        B        C        D        E       F      G
               +--------+--------+--------+--------+--------+-----+--------+
         Total |    982 |    982 |      0 |    611 |    160 |   3 |  327.3 |
       Dungeon |    982 |    982 |      0 |    611 |    160 |   3 |  327.3 |
               +--------+--------+--------+--------+--------+-----+--------+

Top non-repeatable levels by time:
     D:4: 587 daAuts
     D:6: 232 daAuts
     D:5: 162 daAuts
